 Dungeon Crawl Stone Soup version 0.13-a0-2484-gc765b08 (webtiles) character file.

152 Rycklaryybbe the Sneak (level 3, 0/24 HPs)
             Began as a Vampire Enchanter on July 20, 2013.
             Slain by an adder (1 damage)
             ... on Level 2 of the Dungeon.
             The game lasted 00:03:19 (1286 turns).

Rycklaryybbe the Sneak (Vampire Enchanter)          Turns: 1286, Time: 00:03:19

HP   0/24        AC  3     Str  8      XL: 3   Next: 50%
MP   3/6         EV 12     Int 17      God:
Gold 104         SH  0     Dex 14      Spells:  2 memorised,  1 level left

Res.Fire  : . . .   See Invis. : +   a - +1 dagger {=f}
Res.Cold  : . . .   Warding    : .   b - +1 robe
Life Prot.: . . .   Conserve   : .   (no shield)
Res.Poison: .       Res.Corr.  : .   (no helmet)
Res.Elec. : .       Clarity    : .   (no cloak)
Sust.Abil.: . .     Spirit.Shd : .   (no gloves)
Res.Mut.  : .       Stasis     : .   (no boots)
Res.Rott. : .       Flight     : .   (no amulet)
Saprovore : . . .                    (no ring)
                                     k - ring of flight

@: regenerating quickly, mildly poisoned, slightly resistant to hostile
enchantments, quite stealthy
A: fangs 3, see invisible, unbreathing
a: Evoke Flight


You were on level 2 of the Dungeon.
You were full.

You visited 1 branch of the dungeon, and saw 2 of its levels.

You collected 84 gold pieces.

Inventory:

Hand weapons
 a - a +1,+1 dagger (weapon) {=f}
 l - a +2,+4 elven dagger of returning
Missiles
 d - 12 darts (quivered)
 j - 4 silver darts
Armour
 b - a +1 robe (worn)
 f - a +0 elven leather armour
Scrolls
 g - a scroll of teleportation {unknown}
 h - 3 scrolls of identify {unknown}
 i - 4 scrolls of magic mapping {unknown}
 m - 2 scrolls of blinking {unknown}
 n - a scroll of curse weapon {unknown}
Jewellery
 k - a ring of flight (left hand)
Potions
 e - a potion of blood
Books
 c - a book of Maledictions

   Spells                             Type                      Level
   *Corona                            Hexes                        1
   Sure Blade                         Hexes/Charms                 2
   *Ensorcelled Hibernation           Hexes/Ice                    2
   Confuse                            Hexes                        3
   Enslavement                        Hexes                        4
   Invisibility                       Hexes                        6


   Skills:
 + Level 0.6 Fighting
 - Level 1.1 Short Blades
 - Level 0.7 Throwing
 - Level 2.1 Dodging
 + Level 5.8 Stealth
 - Level 1.0 Spellcasting
 - Level 4.4 Hexes


You had one spell level left.
You knew the following spells:

 Your Spells              Type           Power        Failure   Level  Hunger
a - Corona                Hex            ###....      3%          1    ##.....
b - Ensorcelled Hibernat  Hex/Ice        #.....       17%         2    ###....


Dungeon Overview and Level Annotations

Branches:
Dungeon (2/27)

Altars:
Cheibriados
Zin


Innate Abilities, Weirdness & Mutations

Your natural rate of healing is unusually fast.
You have razor-sharp teeth.*
You have supernaturally acute eyesight.
You can survive without breathing.*


Message History

The adder bites you.
* * * LOW HITPOINT WARNING * * *
You hit the adder.
The adder is almost dead.
* * * LOW HITPOINT WARNING * * *
You feel sick.
You feel a little better. The adder bites you.
* * * LOW HITPOINT WARNING * * *
Casting: Corona
Confirm with . or Enter, or press ? or * to list all spells.
Aiming: Ensorcelled Hibernation
Press: ? - help, Shift-Dir - straight line, f/p - adder
Aim: an adder (almost dead, softly glowing)
The adder easily resists.
* * * LOW HITPOINT WARNING * * *
You feel sick.
You feel a little better. The adder bites you.
You die...

##.#.#.#.#.##
#... #
#.........%.#
#...
#.##.#.#.#.#.##
............#
###.#.#.#.#.##
#.).........#
##.#.#(#.#.##
#...........#
##.#@#.#.#.##
#...)S......#
##.#.#[#.#.##
.......#####
#########


You could see an adder.

Vanquished Creatures
  An adder (D:2)
  5 bats
  5 giant cockroaches
  3 hobgoblins
  3 jackals (D:1)
  A ball python (D:2)
  4 giant newts
  5 goblins
  5 kobolds
  6 rats
38 creatures vanquished.

Notes
Turn   | Place    | Note
--------------------------------------------------------------
     0 | D:1      | Rycklaryybbe, the Vampire Enchanter, began the quest for the Orb.
     0 | D:1      | Reached XP level 1. HP: 13/13 MP: 4/4
   178 | D:1      | Reached XP level 2. HP: 17/19 MP: 5/5
   259 | D:1      | Learned a level 2 spell: Ensorcelled Hibernation
   326 | D:1      | Reached skill level 5 in Stealth
   578 | D:2      | Found a glowing silver altar of Zin.
   668 | D:2      | Found a snail-covered altar of Cheibriados.
   691 | D:2      | Reached XP level 3. HP: 12/24 MP: 6/6
  1286 | D:2      | HP: 1/24 [poisoned by an adder]
  1286 | D:2      | Slain by an adder

Action                   || total
-------------------------++-------
Melee: Dagger            ||   146
 Cast: Corona            ||     2
       Ensorcelled Hiber ||     1
 Stab: Sleeping          ||     8
